 Dungeon Crawl Stone Soup version 0.28-a0-628-g3c9886e45e (webtiles) character file.

Game seed: 10338629507189096540

100 lawman0 the Sneak (level 4, -2/37 HPs)
             Began as a Palentonga Delver on Oct 8, 2021.
             Slain by a hound (5 damage)
             ... on level 3 of the Dungeon.
             The game lasted 00:02:19 (1210 turns).

lawman0 the Sneak (Palentonga Delver)               Turns: 1210, Time: 00:02:19

Health: -2/37      AC:  4    Str: 16    XL:     4   Next: 46%
Magic:  4/4        EV:  9    Int: 10    God:
Gold:   0          SH:  0    Dex: 12    Spells: 3/3 levels left

rFire   . . .      SeeInvis +   a - +0 falchion
rCold   . . .      Faith    .   (no shield)
rNeg    . . .      Spirit   .   b - +0 leather armour
rPois   .          Reflect  .   (no helmet)
rElec   .          Harm     .   (no cloak)
rCorr   .          Rampage  .   (no gloves)
Will    +....                   (no barding)
Stlth   ++........              (no amulet)
HPRegen 0.12/turn               h - ring of willpower
MPRegen 0.09/turn               (no ring)

@: brilliant, hasted, very quick
A: large, rugged brown scales 3, see invisible, deformed body, roll 1, armoured
tail
a: Rolling Charge


You were on level 3 of the Dungeon.
You visited 1 branch of the dungeon, and saw 3 of its levels.

Inventory:

Hand Weapons
 a - a +0 falchion (weapon)
Missiles
 i - 5 atropa-tipped darts
Armour
 b - a +0 leather armour (worn)
Jewellery
 h - a ring of willpower (left hand)
Wands
 g - a wand of digging (2)
Scrolls
 c - a scroll of fog
 e - a scroll of fear
Potions
 f - a potion of haste


   Skills:
 + Level 3.4 Fighting
 + Level 2.6 Long Blades
 + Level 0.6 Armour
 + Level 1.8 Dodging
 + Level 4.1 Stealth


You had 3 spell levels left.
You didn't know any spells.
Your spell library was empty.

Dungeon Overview and Level Annotations

Branches:
Dungeon (5/15)
 Temple: D:4-7

Altars:

Annotations:
D:4 Natasha


Innate Abilities, Weirdness & Mutations

You are completely covered in rugged brown scales. (AC +3, +7% HP)
You have supernaturally acute eyesight. (SInv)
Armour fits poorly on your strangely shaped body.
You can roll at nearby foes to attack.
You have a long armoured tail.


Message History

The hound barely misses you.
The quokka bites you but does no damage.
You closely miss the quokka. The hound bites you.
The quokka closely misses you. The hound closely misses you.
There's nothing you can charge at!
Unknown command.
The hound barely misses you. The orc hits you with a +0 hand axe.
The quokka bites you but does no damage.
The orc wizard mumbles some strange words.
The orc wizard flickers and vanishes for a moment.
The hound barely misses you. The orc hits you but does no damage.
The quokka twitches its whiskers.
You see here a giant cockroach corpse.
The hound bites you.
The orc wizard shouts!
You hear an angry hiss.
You hear a shout!
The quokka twitches its whiskers.
The orc shouts!
You hear a shout!
The hound bites you. The quokka barely misses you.
A goblin comes into view. It is wielding a +0 club.
The hound bites you but does no damage.
There is a stone staircase leading up here.
The hound bites you. The quokka bites you. The hound barely misses you.
You climb upwards.
There is a stone staircase leading down here.
Unknown command.
The orc hits you but does no damage. The quokka bites you.
* * * LOW HITPOINT WARNING * * *
The hound bites you.
* * * LOW HITPOINT WARNING * * *
The hound bites you.
* * * LOW HITPOINT WARNING * * *
It was a potion of brilliance.
You feel clever all of a sudden. The hound bites you.
* * * LOW HITPOINT WARNING * * *
You feel yourself speed up. The hound barely misses you. x2
You hit the hound but do no damage.
The hound is lightly wounded.
The hound bites you.
You die...

############
#..........# #@# #.#
#h# #.#
#r########.###
####o#.)........#
##.#..<..†$#####.#.#
.......>...# #.#.#
##.#.##....# #.#.#
..... #....# #.#.#
#.# #...... #.#.#


You could see a hound, an orc and a quokka.

Vanquished Creatures
  A bullfrog zombie (D:5)
  Jessica (D:3)
  Natasha (D:4)
  A ball python (D:3)
  4 endoplasms
  A giant cockroach (D:4)
  3 goblins
  A hobgoblin (D:3)
  2 frilled lizards (D:3)
  2 kobolds (D:3)
  2 rats (D:3)
19 creatures vanquished.

Notes
Turn   | Place    | Note
-------+----------+-------------------------------------------
     0 | D:5      | lawman0 the Palentonga Delver began the quest for the Orb.
     0 | D:5      | Reached XP level 1. HP: 19/19 MP: 1/1
    20 | D:5      | Reached XP level 2. HP: 6/25 MP: 2/2
    20 | D:5      | Reached XP level 3. HP: 8/31 MP: 3/3
   353 | D:4      | Noticed Natasha
   367 | D:4      | Killed Natasha
   368 | D:4      | Reached skill level 4 in Stealth
   664 | D:4      | Noticed Natasha
   836 | D:3      | Noticed Jessica
   852 | D:3      | Killed Jessica
   853 | D:3      | Reached XP level 4. HP: 6/37 MP: 4/4
  1210 | D:3      | Slain by a hound

Illustrated notes

Levels and vault maps discovered:
D:3:      layout_loops_ring, nicolae_uskayaw_en_pointe, slow_altar_1,
          minmay_misc_feat_chi, uniq_jessica
D:4:      layout_rooms, minitemple, tso_oasis_becter, uniq_natasha
D:5:      layout_gridville

Skill      XL: |  1  2  3 |
---------------+----------+-----
Stealth        | 4 |  4.1
Fighting       | |  3.4
Long Blades    | |  2.6
Armour         | |  0.6
Dodging        | |  1.8

Action                   |  1- 3 |  4- 6 || total
-------------------------+-------+-------++-------
Melee: Falchion          |    54 |    22 ||    76
       Tailslap          |     6 |     2 ||     8
 Abil: Rolling Charge    |       |     2 ||     2
Evoke: Wand              |     1 |       ||     1
  Use: Scroll            |     1 |       ||     1
       Potion            |       |     2 ||     2
 Stab: Sleeping          |     1 |     1 ||     2
Armor: Leather armour    |    14 |    10 ||    24
Dodge: Dodged            |    22 |    20 ||    42

Table legend: (Time is in decaauts)
 A = Elapsed time spent in this place.
 B = Non-inter-level travel time spent in this place.
 C = Inter-level travel time spent in this place.
 D = Time resting spent in this place.
 E = Time spent auto-exploring this place.
 F = Levels seen in this place.
 G = Mean time per level.
                   A        B        C        D        E       F      G
               +--------+--------+--------+--------+--------+-----+--------+
         Total |   1224 |   1224 |      0 |    737 |     63 |   3 |  408.0 |
       Dungeon |   1224 |   1224 |      0 |    737 |     63 |   3 |  408.0 |
               +--------+--------+--------+--------+--------+-----+--------+

Top non-repeatable levels by time:
     D:5: 513 daAuts
     D:3: 507 daAuts
     D:4: 203 daAuts
